 Dungeon Crawl Stone Soup version 0.26-a0-466-g989023bd0d (webtiles) character file.

Game seed: 8396384638504286594

111 Infinimo the Firebug (level 4, 0/33 HPs)
             Began as a Hill Orc Fire Elementalist on July 30, 2020.
             Slain by a gnoll (4 damage)
             ... on level 2 of the Dungeon.
             The game lasted 00:04:48 (4473 turns).

Infinimo the Firebug (Hill Orc Fire Elementalist)   Turns: 4473, Time: 00:04:49

Health: 0/33       AC:  2    Str: 10    XL:     4   Next: 92%
Magic:  2/7        EV: 12    Int: 16    God:
Gold:   84         SH:  0    Dex: 11    Spells: 2/7 levels left

rFire    . . .     SeeInvis .   g - +0 short sword
rCold    . . .     Faith    .   (no shield)
rNeg     . . .     Spirit   .   a - +0 robe
rPois    .         Reflect  .   t - +0 hat
rElec    .         Harm     .   (no cloak)
rCorr    .                      (no gloves)
MR       .....                  (no boots)
Stlth    ++........             (no amulet)
HPRegen  0.11/turn              (no ring)
MPRegen  0.10/turn              (no ring)

@: very slightly contaminated
A: no striking features
a: no special abilities


You were on level 2 of the Dungeon.
You visited 1 branch of the dungeon, and saw 3 of its levels.

You collected 84 gold pieces.

Inventory:

Hand Weapons
 g - a +0 short sword (weapon)
Armour
 a - a +0 robe (worn)
 s - a +1 pair of boots
 t - a +0 hat (worn)
Jewellery
 b - an uncursed ring of wizardry {unknown}
 e - an uncursed ring of positive energy {unknown}
 f - an uncursed ring of ice {unknown}
 l - a cursed ring of teleportation {unknown}
Scrolls
 h - 3 scrolls of identify {unknown}
 i - 2 scrolls of remove curse {unknown}
 k - 2 scrolls of blinking {unknown}
 m - 3 scrolls of teleportation {unknown}
 n - a scroll of enchant armour {unknown}
 o - a scroll of random uselessness {unknown}
 p - a scroll of enchant weapon {unknown}
 q - a scroll of magic mapping {unknown}
 u - 2 scrolls of fear {unknown}
Potions
 c - a potion of haste {unknown}
 d - 4 potions of cancellation {unknown}
 j - a potion of curing {unknown}
 r - a potion of might


   Skills:
 - Level 1.5 Dodging
 - Level 1.5 Stealth
 + Level 2.1 Spellcasting
 * Level 2.9 Conjurations
 * Level 4.5 Fire Magic


You had 2 spell levels left.
You knew the following spells:

 Your Spells              Type           Power        Failure   Level
a - Foxfire               Conj/Fire      ##..         4%          1
b - Sticky Flame          Conj/Fire      ##......     41%         4

Your spell library contained the following spells:

 Spells                   Type           Power        Failure   Level
 Conjure Flame            Conj/Fire      ##......     13%         3
 Inner Flame              Hex/Fire       #.......     24%         3
 Fireball                 Conj/Fire      ##........   77%         5


Dungeon Overview and Level Annotations

Branches:
Dungeon (3/15)

Altars:
Ashenzari


Message History

You miscast Sticky Flame.
You are very lightly contaminated with residual magic.
Nothing appears to happen.
The gnoll hits you!
* * * LOW HITPOINT WARNING * * *
Your magical contamination has completely faded away.
Casting: Sticky Flame (extremely dangerous; 41% risk of failure)
Confirm with . or Enter, or press ? or * to list all spells.
The spell is extremely dangerous to cast (41% risk of failure)!
Continue anyway?
Aiming: Sticky Flame (extremely dangerous; 41% risk of failure)
Press: ? - help, Shift-Dir - straight line, f/p - gnoll
Aim: a gnoll You miscast Sticky Flame.
You are very lightly contaminated with residual magic.
Sparks fly from your hands!
* * * LOW HITPOINT WARNING * * *
The gnoll hits you.
* * * LOW HITPOINT WARNING * * *
The gnoll hits you.
You die...

############### #.............#
#.###########.# ###.##..@...# #.#
#########........g#.# #.#
........#.#....##.#.# #.#########
........#.#..#..#.#.###..........
........#.#..#..#.#.........#####
........#.#.....#.#.........### #
........#.##.#..#.#...........###
........#.##.#.##.#.#............
........#.##.#.##.#.#.##......###


You could see a gnoll.

Vanquished Creatures
  Robin (D:3)
  A gnoll (D:3)
  2 adders (D:2)
  2 dart slugs (D:1)
  2 leopard geckos (D:1)
  2 orcs (D:2)
  4 giant cockroaches
  9 goblins
  8 hobgoblins
  4 jackals
  11 bats
  6 frilled lizards
  6 kobolds
  5 rats
63 creatures vanquished.

Vanquished Creatures (others)
  255 foxfires
255 creatures vanquished.

Grand Total: 318 creatures vanquished

Notes
Turn   | Place    | Note
-------+----------+-------------------------------------------
     0 | D:1      | Infinimo the Hill Orc Fire Elementalist began the quest for
                  | the Orb.
     0 | D:1      | Reached XP level 1. HP: 14/14 MP: 3/3
   277 | D:1      | Reached XP level 2. HP: 20/20 MP: 0/4
   388 | D:1      | Found a shattered altar of Ashenzari.
  1003 | D:1      | Reached XP level 3. HP: 26/26 MP: 1/5
  1362 | D:1      | Reached skill level 4 in Fire Magic
  1726 | D:2      | Noticed an orc warrior
  2887 | D:2      | Reached XP level 4. HP: 30/33 MP: 1/7
  3084 | D:2      | Learned a level 4 spell: Sticky Flame
  3533 | D:3      | Noticed Robin
  3694 | D:3      | Killed Robin
  4473 | D:2      | Slain by a gnoll

Illustrated notes

Levels and vault maps discovered:
D:1:      eino_arrival_water_cross, layout_loops_ring,
          nicolae_ashenzari_panopticon
D:2:      layout_basic
D:3:      layout_loops_ring, grunt_decor_cap, kennysheep_decorative_pillar,
          minivault_23, nicolae_dithmenos_through_a_glass_darkly, uniq_natasha,
          uniq_robin, uniq_ijyb

Skill      XL: |  1  2  3 |
---------------+----------+-----
Conjurations   | 2 |  2.9
Fire Magic     | 4 |  4.5
Spellcasting   | 2 |  2.1
Dodging        | |  1.5
Stealth        | |  1.5

Action                   |  1- 3 |  4- 6 || total
-------------------------+-------+-------++-------
Melee: Unarmed           |     6 |       ||     6
       Short sword       |     8 |    19 ||    27
 Cast: Foxfire           |   134 |    56 ||   190
       Sticky Flame      |       |     1 ||     1
Armor: Robe              |     9 |     1 ||    10
Dodge: Dodged            |    30 |    39 ||    69

Table legend: (Time is in decaauts)
 A = Elapsed time spent in this place.
 B = Non-inter-level travel time spent in this place.
 C = Inter-level travel time spent in this place.
 D = Time resting spent in this place.
 E = Time spent auto-exploring this place.
 F = Levels seen in this place.
 G = Mean time per level.
                   A        B        C        D        E       F      G
               +--------+--------+--------+--------+--------+-----+--------+
         Total |   4481 |   4271 |    210 |    596 |   2864 |   3 | 1493.7 |
       Dungeon |   4481 |   4271 |    210 |    596 |   2864 |   3 | 1493.7 |
               +--------+--------+--------+--------+--------+-----+--------+

Top non-repeatable levels by time:
     D:2: 2170 daAuts
     D:1: 1789 daAuts
     D:3: 521 daAuts
